 Dungeon Crawl Stone Soup version 0.25-a0-785-gb22c70e859 (webtiles) character file.

Game seed: 16183794635875796749, levelgen mode: deterministic

3812 Eurus the Destroyer (level 9, -1/62 HPs)
             Began as a Mummy Conjurer on Mar 30, 2020.
             Was an Initiate of Ashenzari.
             Slain by a killer bee (7 damage)
             ... on level 7 of the Dungeon on Apr 17, 2020.
             The game lasted 00:23:38 (9614 turns).

Eurus the Destroyer (Mummy Conjurer)                Turns: 9614, Time: 00:23:39

Health: -1/62      AC:  6    Str: 11    XL:     9   Next: 97%
Magic:  9/21       EV: 11    Int: 17    God:    Ashenzari [......]
Gold:   422        SH:  0    Dex: 13    Spells: 17/24 levels left

rFire    x . .     SeeInvis +   p - +4 short sword (curse)
rCold    + . .     Gourm    .   (no shield)
rNeg     + + +     Faith    .   g - +0 leather armour
rPois    ∞         Spirit   .   s - +0 helmet
rElec    .         Reflect  .   (no cloak)
rCorr    .         Harm     .   (no gloves)
MR       ++...                  n - +0 pair of boots
Stlth    ++........             B - amulet of regeneration
HPRegen  0.60/turn              f - ring of protection from magic
MPRegen  0.17/turn              x - ring of see invisible

@: studying Maces & Flails
A: no food or potions, fire vulnerability, cold resistance 1, negative energy
resistance 3, torment resistance, unbreathing
a: Curse Item, Renounce Religion


You were on level 7 of the Dungeon.
You worshipped Ashenzari.
Ashenzari was noncommittal.
You were not hungry.

You visited 2 branches of the dungeon, and saw 8 of its levels.

You collected 422 gold pieces.

Inventory:

Hand Weapons
 p - a cursed +4 short sword (weapon)
Armour
 g - a +0 leather armour (worn)
 n - a +0 pair of boots (worn)
 s - a +0 helmet (worn)
Jewellery
 f - a ring of protection from magic (left hand)
 i - the ring "Qigasen" {Fire rN+++ MR+ Int-2 SInv}
   (You found it on level 7 of the Dungeon)

   [ring of fire]

   It enhances your fire magic.
   It affects your intelligence (-2).
   It protects you from fire.
   It makes you vulnerable to cold.
   It renders you almost immune to negative energy.
   It affects your resistance to hostile enchantments.
   It lets you see invisible.
 x - a ring of see invisible (right hand)
 B - an amulet of regeneration (around neck)
Wands
 q - a wand of polymorph (10)
 A - a wand of disintegration (9)
Scrolls
 a - a scroll of noise {unknown}
 b - 2 scrolls of fear {unknown}
 c - 2 scrolls of magic mapping {unknown}
 d - 11 scrolls of identify {unknown}
 e - 4 scrolls of remove curse
 h - 5 scrolls of fog {unknown}
 j - 2 scrolls of enchant weapon {unknown}
 k - 3 scrolls of amnesia {unknown}
 l - 2 scrolls of blinking {unknown}
 o - 4 scrolls of teleportation {unknown}
 t - 2 scrolls of random uselessness {unknown}
Books
 w - a manual of Maces & Flails


   Skills:
 - Level 2.4 Fighting
 + Level 4.8 Armour
 - Level 1.5 Dodging
 - Level 1.5 Stealth
 + Level 8.3 Spellcasting
 * Level 8.7 Conjurations
 + Level 4.2 Translocations


You had 17 spell levels left.
You knew the following spells:

 Your Spells              Type           Power        Failure   Level  Hunger
a - Magic Dart            Conj           ####         1%          1    N/A
b - Searing Ray           Conj           #####.       1%          2    N/A
c - Iskenderun's Mystic   Conj/Tloc      ####....     9%          4    N/A

Your spell library contained the following spells:

 Spells                   Type           Power        Failure   Level  Hunger
 Dazzling Flash           Conj/Hex       ###...       6%          3    N/A
 Stone Arrow              Conj/Erth      ###...       6%          3    N/A
 Sandblast                Erth           #.....       13%         1    N/A
 Passwall                 Tmut/Erth      #.......     19%         2    N/A
 Fulminant Prism          Conj/Hex       ###.......   22%         4    N/A
 Petrify                  Tmut/Erth      #.......     77%         4    N/A
 Lee's Rapid Deconstruct  Erth           #.........   98%         5    N/A

Dungeon Overview and Level Annotations

Branches:
Dungeon (7/15)             Temple (1/1) D:7

Altars:
Ashenzari
Cheibriados
Dithmenos
Elyvilon
Fedhas
Gozag
Hepliaklqana
Kikubaaqudgha
Makhleb
Nemelex Xobeh
Okawaru
Qazlal
Ru
Sif Muna
Trog
Uskayaw
Vehumet
Wu Jian
Xom
Yredelemnul
Zin

Annotations:
D:5 Sigmund
D:6 2 runed translucent doors, Tarias's ghost, novice TrWn


Innate Abilities, Weirdness & Mutations

You do not eat or drink.
Your flesh is vulnerable to fire.
You are immune to poison.
Your flesh is cold resistant. (rC+)
You are immune to negative energy. (rN+++)
You are immune to unholy pain and torment.
You can survive without breathing.


Message History

The killer bee stings you but does no damage.
Okay, then.
Welcome back, Eurus the Mummy Conjurer.
Ashenzari says: Partake of my vision.
Partake of my curse.
Press ? for a list of commands and other information.
Cast which spell? (? or * to list)
Aiming: Searing Ray (safe; 1% risk of failure)
Press: ? - help, Shift-Dir - straight line, f - orc warrior
Aim: an orc warrior, wielding a +0 trident and wearing a +0 chain mail (almost dead)
The searing ray misses the orc warrior. (Press . to maintain the ray.)
You hear a shout!
The killer bee stings you but does no damage.
The orc warrior hits you from afar with a +0 trident!
* * * LOW HITPOINT WARNING * * *
The killer bee barely misses you.
The searing ray hits the orc warrior but does no damage.
The orc warrior is almost dead.
The killer bee stings you!
You die...

# #......#.###..#
##..............#
##.......#.##...#
##.#.##.##.##...#
##.#.##.#..##...#
##.#.# #...#
.?...# #...#
.#....
#.###..%#####
.J.###
........@?o.#
...#
.......y###.#
#..#
#.###.#o....#
#... ! .....##..#
#### #####.##..#
#.##.y# ....y.#
......> .....


You could see an orc warrior, a killer bee and an orc wizard.

Vanquished Creatures
  3 yaks (D:7)
  Menkaure (D:5)
  2 orc warriors
  3 sky beasts
  2 ice beasts (D:5)
  4 ogres
  A phantom (D:6)
  A centaur (D:6)
  A bullfrog (D:6)
  A wyvern skeleton (D:6)
  A scorpion (D:4)
  2 water moccasin skeletons
  10 killer bees
  9 wights
  A howler monkey (D:4)
  3 crimson imps
  A gnoll shaman (D:7)
  A hound (D:4)
  2 jellies (D:7)
  3 orc priests
  A bullfrog skeleton (D:5)
  9 orc wizards
  3 worker ants
  A worker ant zombie (D:5)
  15 gnolls
  10 adders
  An adder skeleton (D:5)
  A worm (D:3)
  3 dart slugs
  A leopard gecko (D:7)
  17 orcs
  A ball python (D:3)
  11 bats
  3 giant cockroaches
  4 goblins (D:1)
  4 hobgoblins (D:1)
  10 jackals
  3 quokkas
  3 frilled lizards
  A jackal skeleton (D:6)
  7 kobolds
  A leopard gecko zombie (D:6)
  5 rats
167 creatures vanquished.

Vanquished Creatures (others)
  A human (D:3)
1 creature vanquished.

Grand Total: 168 creatures vanquished

Notes
Turn   | Place    | Note
-------+----------+-------------------------------------------
     0 | D:1      | Eurus the Mummy Conjurer began the quest for the Orb.
     0 | D:1      | Reached XP level 1. HP: 13/13 MP: 4/4
   134 | D:1      | Reached XP level 2. HP: 17/19 MP: 1/6
   143 | D:1      | Learned a level 2 spell: Searing Ray
   860 | D:1      | Reached XP level 3. HP: 18/24 MP: 2/7
  1704 | D:2      | You fall into a shaft and drop 1 floor!
  2139 | D:2      | Reached XP level 4. HP: 6/30 MP: 1/9
  2844 | D:3      | Found an ancient bone altar of Kikubaaqudgha,
  2845 | D:3      | Noticed a human
  2853 | D:3      | Killed a human
  3007 | D:3      | Reached XP level 5. HP: 31/35 MP: 6/11
  3299 | D:3      | You fall into a shaft and drop 3 floors!
  3304 | D:6      | Reached skill level 1 in Fighting
  3304 | D:6      | Reached skill level 5 in Conjurations
  3491 | D:6      | Reached skill level 1 in Armour
  3491 | D:6      | Reached XP level 6. HP: 41/43 MP: 4/13
  3723 | D:5      | Entered Level 5 of the Dungeon
  3723 | D:5      | Noticed Menkaure
  3723 | D:5      | Noticed an ice beast
  3814 | D:6      | Reached skill level 5 in Spellcasting
  3941 | D:5      | Reached XP level 7. HP: 50/50 MP: 9/14
  4267 | D:3      | Learned a level 4 spell: Iskenderun's Mystic Blast
  5084 | D:4      | Reached skill level 1 in Translocations
  5606 | D:4      | Reached XP level 8. HP: 57/57 MP: 12/16
  6081 | D:5      | Killed Menkaure
  7069 | D:5      | Noticed Sigmund
  7405 | D:6      | Reached XP level 9. HP: 23/62 MP: 15/19
  8289 | D:6      | Found a large runed translucent door,
  8290 | D:6      | Found a large runed translucent door,
  8290 | D:6      | Noticed Tarias's ghost (novice TrWn)
  8954 | D:7      | Found a staircase to the Ecumenical Temple,
  8963 | Temple   | Entered the Ecumenical Temple
  9050 | Temple   | Became a worshipper of Ashenzari the Shackled
  9574 | D:7      | Identified the ring "Qigasen" {Fire rN+++ MR+ Int-2 SInv}
  9613 | D:7      | Upgraded the game from 0.25-a0-681-gdf4e720381 to
                  | 0.25-a0-785-gb22c70e859
  9614 | D:7      | Slain by a killer bee

Levels and vault maps discovered:
D:1:      ncdulo_wetmaze, layout_basic, minmay_tiny_reverse_x
D:2:      layout_basic, first_ration
D:3:      layout_basic, tgw_kikubaaqudgha
D:4:      layout_rooms, serial_forest, infiniplex_forest_lined_2,
          infiniplex_forest_clump_tiny, infiniplex_forest_end_double,
          infiniplex_forest_corner_1, infiniplex_forest_straight_2,
          skrybe_limestone_x
D:5:      layout_basic, grunt_decor_arrowhead, minmay_manual_moon,
          uniq_menkaure, uniq_sigmund
D:6:      layout_loops_ring, ebering_ghost_disaster_area,
          hangedman_minor_gate_pass
D:7:      layout_loops_ring, lemuel_temple_firewalk_b
Temple:   dpeg_three_leaves_temple

Skill      XL: |  1  2  3  4  5  6  7  8  9 |
---------------+----------------------------+-----
Spellcasting   | 3 4 5 7 8 |  8.3
Conjurations   | 4 5 6 7 8 |  8.7
Fighting       | 1 2 |  2.4
Armour         | 1 2 3 4 |  4.8
Translocations | 1 3 4 |  4.2
Dodging        | |  1.5
Stealth        | |  1.5

Action                   |  1- 3 |  4- 6 |  7- 9 || total
-------------------------+-------+-------+-------++-------
Melee: Unarmed           |    17 |       |       ||    17
       Dagger            |    41 |    11 |    38 ||    90
       Short sword       |       |       |     2 ||     2
 Cast: Magic Dart        |    55 |    19 |    20 ||    94
       Searing Ray       |     4 |    19 |    90 ||   113
Armor: Robe              |    16 |     1 |       ||    17
       Leather armour    |       |       |    34 ||    34
Dodge: Dodged            |    59 |     8 |    77 ||   144

Table legend:
 A = Non-vault XP
 B = Vault XP
 C = Vault XP percentage of total XP
 D = Non-vault monster count
 E = Vault monster count
 F = Vault count percentage of total count
                 A         B        C        D         E       F
            +---------+---------+-------+---------+---------+-------
      Total |    4783 |     664 |  12.2 |     156 |      11 |   6.6
            +---------+---------+-------+---------+---------+-------
        D:1 |      44 |       4 |   8.3 |      24 |       2 |   7.7
        D:2 |      64 |       0 |   0.0 |      10 |       0 |   0.0
        D:3 |     334 |       0 |   0.0 |      26 |       0 |   0.0
        D:4 |     434 |       0 |   0.0 |      23 |       0 |   0.0
        D:5 |    1036 |     286 |  21.6 |      22 |       4 |  15.4
        D:6 |     881 |     374 |  29.8 |      18 |       5 |  21.7
        D:7 |    1990 |       0 |   0.0 |      33 |       0 |   0.0
            +---------+---------+-------+---------+---------+-------
